AoeStats
← dashuaibi

Fortress

508399257Analyzed
4v4 RM · 10d ago on Sep 22, 2026· 55m 29s· 8 players
Game mode
Random Map
Map size
Huge
Population
200
Speed
Normal
Resources
Standard
Victory
Conquest
Starting age
Dark Age
Ending age
Imperial Age
RankedLock teamsTeams togetherTeam positionsShared explorationLock speedFull tech treeHidden civsTurbo modeCheats
Victory
Defeat
1500
+13
🇹🇼 Franks · Taiwan
1469
+14
🇻🇳 Spanish · Vietnam
1343
+19
🇹🇼 Persians · Taiwan
1274
+22
🇦🇹 Bohemians · Austria
1477
-19
🇩🇪 Malay · Germany
1435
-18
🇪🇸 Persians · Spain
1389
-16
🇨🇳 Byzantines · China
1381
-15
jaktol
8:20 Feudal Age
9:18 Double-Bit Axe
12:09 Castle Age
9:59 Horse Collar
13:03 Bow Saw
15:05 Fervor
15:36 Heavy Plow
19:32 Wheelbarrow
18:43 Loom
20:01 Pikeman
20:41 Squires
24:23 Chemistry
26:31 Imperial Age
25:42 Padded Archer Armor
25:55 Wagenburg Tactics
26:54 Squires
27:21 Houfnice
28:37 Leather Archer Armor
29:06 Conscription
30:10 Scale Mail Armor
30:40 Ring Archer Armor
32:50 Hand Cart
32:21 Town Watch
32:12 Halberdier
34:09 Arson
34:40 Chain Mail Armor
34:36 Forging
35:55 Plate Mail Armor
35:34 Siege Engineers
35:40 Masonry
35:50 Ballistics
38:48 Iron Casting
41:38 Blast Furnace
40:45 Caravan
41:42 Fletching
42:24 Architecture
41:35 Treadmill Crane
43:30 Fortified Wall
43:17 Murder Holes
46:34 Elite Hussite Wagon
47:48 Bodkin Arrow
50:28 Bracer
50:45 Elite Skirmisher
dashuaibi
7:41 Feudal Age
11:42 Castle Age
10:06 Loom
11:02 Double-Bit Axe
10:59 Horse Collar
23:18 Wheelbarrow
33:27 Fervor
33:44 Stone Mining
33:44 Gold Mining
34:13 Gold Mining
35:45 Redemption
36:21 Bow Saw
37:00 Hand Cart
37:51 Heavy Plow
41:26 Imperial Age
40:45 Gold Shaft Mining
40:45 Stone Shaft Mining
42:14 Elite Cataphract
43:15 Conscription
44:04 Crop Rotation
44:35 Two-Man Saw
43:40 Husbandry
43:00 Light Cavalry
43:56 Light Cavalry
45:14 Fortified Wall
45:20 Scale Barding Armor
45:26 Forging
48:01 Ballistics
49:26 Hussar
50:30 Chain Barding Armor
50:46 Iron Casting
50:53 Iron Casting
54:19 Plate Barding Armor
54:25 Fletching
Ficki-T-E
7:26 Feudal Age
11:02 Castle Age
9:34 Double-Bit Axe
10:04 Horse Collar
16:45 Forging
22:15 Wheelbarrow
22:22 Loom
24:06 Fletching
25:07 Bodkin Arrow
25:19 Gold Mining
28:01 Ballistics
27:10 Crossbowman
28:34 Gold Shaft Mining
30:02 Thumb Ring
31:17 Hand Cart
31:28 Padded Archer Armor
36:19 Imperial Age
35:07 Arbalester
35:49 Bracer
37:28 Chemistry
40:48 Leather Archer Armor
53:50 Elite Skirmisher
TdB.victor2.01
6:49 Feudal Age
11:30 Castle Age
9:29 Horse Collar
9:57 Double-Bit Axe
16:27 Loom
17:21 Wheelbarrow
27:20 Imperial Age
25:20 Forging
27:29 Scale Mail Armor
27:35 Scale Barding Armor
28:06 Iron Casting
27:41 Scale Barding Armor
28:12 Iron Casting
28:20 Heavy Plow
29:38 Chain Barding Armor
29:54 Crop Rotation
30:57 Bloodlines
30:47 Husbandry
32:39 Plate Barding Armor
33:13 Blast Furnace
34:40 Elite War Elephant
37:24 Gold Mining
37:25 Stone Mining
38:46 Conscription
39:28 Devotion
41:02 Gold Shaft Mining
41:02 Stone Shaft Mining
44:44 Caravan
46:03 Light Cavalry
47:33 Hoardings
46:46 Hussar
47:26 Fletching
Miru
8:01 Feudal Age
9:17 Double-Bit Axe
12:23 Castle Age
13:30 Bow Saw
22:29 Wheelbarrow
21:57 Loom
22:40 Gold Mining
25:43 Squires
25:03 Pikeman
25:29 Gambesons
25:29 Arson
28:27 Imperial Age
26:25 Scale Mail Armor
26:36 Forging
28:21 #83
28:38 Iron Casting
28:19 Chain Mail Armor
28:42 Halberdier
30:37 Chemistry
31:01 Blast Furnace
30:24 Conscription
31:42 Plate Mail Armor
34:06 Elite Throwing Axeman
35:29 Fletching
36:00 Ballistics
35:51 Masonry
37:55 Bodkin Arrow
38:31 Architecture
37:57 Murder Holes
38:38 Hoardings
42:33 Town Watch
43:03 Hand Cart
44:43 Caravan
46:35 Siege Engineers
49:04 Scale Barding Armor
49:02 Husbandry
48:22 Cavalier
50:50 Paladin
53:28 Chain Barding Armor
linyankuang0725
8:07 Feudal Age
9:28 Double-Bit Axe
11:45 Castle Age
10:01 Horse Collar
15:00 Bow Saw
17:44 Wheelbarrow
18:16 Gold Mining
18:28 Loom
19:07 Heavy Plow
23:35 Gold Shaft Mining
22:51 Stone Mining
23:29 Hand Cart
23:01 Town Watch
27:18 Imperial Age
25:26 Scale Barding Armor
25:33 Forging
25:41 Bloodlines
26:38 Stone Shaft Mining
26:08 Husbandry
26:12 Light Cavalry
27:14 Chain Barding Armor
27:38 Elite War Elephant
27:45 Elite War Elephant
30:45 Plate Barding Armor
30:01 Fletching
31:47 Conscription
32:04 Hoardings
32:06 Iron Casting
32:33 Hussar
39:41 Blast Furnace
41:08 Capped Ram
42:34 Siege Ram
52:42 Caravan
52:19 Cavalier
安师大高级王罗宇晨
6:36 Feudal Age
11:01 Castle Age
9:12 Horse Collar
9:27 Double-Bit Axe
16:48 Scale Mail Armor
16:49 Squires
22:43 Chain Mail Armor
26:02 Arson
32:03 Wheelbarrow
32:50 Forging
32:40 Loom
34:07 Heavy Plow
35:17 Hand Cart
36:29 Fletching
37:14 Bodkin Arrow
40:32 Imperial Age
38:05 Padded Archer Armor
39:08 Leather Archer Armor
39:12 Bow Saw
40:27 Ballistics
41:14 Thumb Ring
42:01 Parthian Tactics
42:06 Town Watch
43:02 Bracer
43:10 Gold Mining
44:51 Husbandry
46:51 Ring Archer Armor
45:43 Heavy Cavalry Archer
46:54 Bloodlines
49:23 Chemistry
53:03 Gold Shaft Mining
53:17 Caravan
54:30 Conscription
RoadTo1100
6:45 Feudal Age
7:32 Horse Collar
7:38 Double-Bit Axe
8:16 Loom
12:13 Castle Age
10:40 Gold Mining
12:34 Bloodlines
14:53 Heavy Plow
19:46 Padded Archer Armor
20:48 Leather Archer Armor
23:19 Wheelbarrow
23:23 Wheelbarrow
22:54 Town Watch
25:39 Hand Cart
26:49 Ballistics
29:41 Town Patrol
30:31 Bow Saw
33:06 Imperial Age
31:08 Inquisition
31:12 Stone Mining
31:14 Fletching
31:28 Husbandry
34:16 Conscription
34:44 Ring Archer Armor
35:16 Chemistry
34:22 Caravan
35:17 Elite Conquistador
37:57 Two-Man Saw
37:34 Stone Shaft Mining
40:59 Supremacy
44:50 Fletching
45:11 Forging
45:06 Scale Barding Armor
45:02 Scale Mail Armor
45:26 Bombard Tower
47:45 Chain Barding Armor
48:01 Iron Casting
47:22 Bodkin Arrow
46:49 Cavalier
46:52 Light Cavalry
47:30 Hussar
52:52 Bracer
53:53 Blast Furnace
52:53 Scale Mail Armor
53:29 Plate Barding Armor
Connection lost

Rejoining the realm…

Still unreachable

The connection could not be restored.

Session expired

The server has moved on; the page needs a fresh start.